 Dungeon Crawl Stone Soup version 0.22-a0-445-g8c8ef71 (webtiles) character file.

56 epen the Poker (level 3, 0/33 HPs)
             Began as a Naga Gladiator on May 16, 2018.
             Slain by a gnoll
             ... wielding a cursed +0 flail
              (2 damage)
             ... on level 2 of the Dungeon on June 2, 2018.
             The game lasted 00:03:32 (1755 turns).

epen the Poker (Naga Gladiator)                     Turns: 1755, Time: 00:03:32

Health: 0/33       AC:  3    Str: 17    XL:     3   Next: 97%
Magic:  3/3        EV: 10    Int:  8    God:
Gold:   86         SH:  0    Dex: 12    Spells: 2/2 levels left

rFire    . . .     SeeInvis +   e - +1 dagger (speed)
rCold    . . .     Gourm    .   (no shield)
rNeg     . . .     Faith    .   b - +0 leather armour
rPois    +         Spirit   .   c - +0 helmet
rElec    .         Reflect  .   (no cloak)
rCorr    .         Harm     .   (no gloves)
MR       .....                  (no barding)
Stlth    +.........             (no amulet)
HPRegen  0.11/turn              (no ring)
MPRegen  0.08/turn              (no ring)

@: very slow
A: large, see invisible, deformed body, poison resistance, slowness 2, slow
metabolism 1, spit poison 1, AC +1
a: Spit Poison


You were on level 2 of the Dungeon.
You were hungry.

You visited 1 branch of the dungeon, and saw 3 of its levels.

You collected 86 gold pieces.

Inventory:

Hand Weapons
 a - a +0 trident
 e - a +1 dagger of speed (weapon)
Missiles
 d - 3 throwing nets (quivered)
Armour
 b - a +0 leather armour (worn)
 c - a +0 helmet (worn)
Scrolls
 h - 4 scrolls of identify {unknown}
 j - a scroll of remove curse {unknown}
 k - a scroll of teleportation {unknown}
 l - a scroll of enchant weapon {unknown}
 m - a scroll of immolation {unknown}
 n - a scroll of fear {unknown}
Potions
 g - a potion of agility {unknown}
 i - 2 potions of lignification {unknown}
Comestibles
 f - 5 rations


   Skills:
 + Level 2.6 Fighting
 * Level 4.0 Polearms
 - Level 1.7 Throwing
 + Level 2.8 Dodging


You had 2 spell levels left.
You didn't know any spells.
Your spell library was empty.

Dungeon Overview and Level Annotations

Branches:
Dungeon (3/15)

Altars:

Annotations:
D:3 Natasha


Innate Abilities, Weirdness & Mutations

You cannot wear boots.
Your serpentine skin is tough. (AC +1)
You have supernaturally acute eyesight. (SInv)
Armour fits poorly on your strangely shaped body.
Your system is resistant to poisons. (rPois)
You cover ground very slowly.
You have a slow metabolism.
You can spit poison.


Message History

A gnoll comes into view. It is wielding a halberd.
The gnoll moves out of view.
The gnoll hits you from afar with a halberd.
A hobgoblin comes into view. It is wielding a club.
The gnoll hits you but does no damage. The gnoll barely misses you.
You hit the gnoll but do no damage. The gnoll hits you with a halberd!
The gnoll closely misses you. The gnoll hits you with a flail!
The gnoll closely misses you.
The gnoll hits you from afar with a halberd.
* * * LOW HITPOINT WARNING * * *
The gnoll hits you but does no damage.
The gnoll hits you from afar with a halberd.
* * * LOW HITPOINT WARNING * * *
The gnoll hits you but does no damage.
There is a stone staircase leading up, spattered with blood here.
The gnoll closely misses you.
You climb upwards.
There is a stone staircase leading down here.
The gnoll hits you with a flail.
You die...

.#########....# ###.# #.# .##
####.# #.# #.# ..## #.##### #.##
#.# #..# #.....###..# #.##
##.######## #####..###.######..#
#........# ##.............#
##...#....###########...##.....#
#..............>#######.#......#
...............g@.........#....#
.........(.#######.####......#.#
...........# #....#####..#.#
#.........## ####.## ##...#
##...#...## #..######..##
...####### ##.....[..... ##.####
####........ #....#####
#........ ####>....####
#........


You could see a gnoll.

Vanquished Creatures
  3 oozes
  2 leopard geckos (D:2)
  3 giant cockroaches
  3 goblins
  3 hobgoblins (D:1)
  4 jackals (D:1)
  A quokka (D:2)
  A ball python (D:1)
  5 bats
  2 frilled lizards (D:2)
  4 kobolds
  15 rats
46 creatures vanquished.

Notes
Turn   | Place    | Note
-------+----------+-------------------------------------------
     0 | D:1      | epen the Naga Gladiator began the quest for the Orb.
     0 | D:1      | Reached XP level 1. HP: 19/19 MP: 1/1
    27 | D:1      | Reached XP level 2. HP: 10/26 MP: 2/2
   402 | D:1      | Reached XP level 3. HP: 27/33 MP: 3/3
  1709 | D:3      | Noticed Natasha
  1738 | D:3      | Reached skill level 4 in Polearms
  1755 | D:2      | Slain by a gnoll

Vault maps used:
D:1:      erik_arrival_orb_chamber, minmay_cupped
D:3:      lemuel_doored_altar, makhleb_blood_cavern_becter,
          lemuel_blue_sif_altar, uniq_crazy_yiuf_cottage, uniq_natasha

Skill      XL: |  1  2  3 |
---------------+----------+-----
Polearms       | 4 |  4.0
Fighting       | |  2.6
Throwing       | |  1.7
Dodging        | |  2.8

Action                   || total
-------------------------++-------
Melee: Trident           ||    20
       Dagger            ||   164
  Eat: Chunk             ||     1
Armor: Leather armour    ||    68
Dodge: Dodged            ||   115

Table legend:
 A = Spawn XP
 B = Non-spawn XP
 C = Spawn XP percentage of total XP
 D = Spawn monster count
 E = Non-spawn monster count
 F = Spawn count percentage of total count
 G = Total turns spent on level
                    A         B        C        D         E        F      G
               +---------+---------+-------+---------+---------+-------+---------
         Total |       0 |      81 |   0.0 |       0 |      46 |   0.0 |  1755
               +---------+---------+-------+---------+---------+-------+---------
           D:1 |       0 |      43 |   0.0 |       0 |      28 |   0.0 |   892
           D:2 |       0 |      35 |   0.0 |       0 |      16 |   0.0 |   836
           D:3 |       0 |       3 |   0.0 |       0 |       2 |   0.0 |    27
               +---------+---------+-------+---------+---------+-------+---------
